 Dungeon Crawl Stone Soup version 0.28-a0-401-ge240ad9e29 (webtiles) character file.

Game seed: 10346067086522668912

144669 speeev33 the Warrior (level 17, 0/172 HPs)
             Began as a Hill Orc Fighter on Sept 4, 2021.
             Was the Champion of Okawaru.
             Succumbed to a fenstrider witch's toxic sludge
             ... while paralysed by a fenstrider witch
             ... on level 3 of the Swamp.
             The game lasted 01:19:01 (42008 turns).

speeev33 the Warrior (Hill Orc Fighter)            Turns: 42008, Time: 01:19:02

Health: 0/172      AC: 43    Str: 26    XL:     17   Next: 40%
Magic:  23/24      EV:  2    Int:  8    God:    Okawaru [******]
Gold:   3371       SH:  0    Dex: 10    Spells: 16/16 levels left

rFire   + . .      SeeInvis .   b - +12 mace "Aubergine" {freeze, Fly rC+}
rCold   + + .      Faith    .   U - +2 buckler
rNeg    . . .      Spirit   .   h - +10 plate armour {ponderous}
rPois   .          Reflect  .   L - +2 hood of the Assassin {Detection Stab+ Stlth++}
rElec   .          Harm     .   e - scarf {rC+ rF+}
rCorr   +          Rampage  +   (no gloves)
Will    +....                   A - +2 pair of boots {rampage}
Stlth   ..........              t - amulet of the acrobat
HPRegen 0.38/turn               q - ring of resist corrosion
MPRegen 0.19/turn               k - ring of the Tortoise {AC+8}

@: paralysed, lethally poisoned (0 -> -2), heroic, flying, slow
A: no striking features
a: Renounce Religion, Heroism, Finesse, Duel


You were on level 3 of the Swamp.
You worshipped Okawaru.
Okawaru was exalted by your worship.
You visited 5 branches of the dungeon, and saw 28 of its levels.

You collected 4121 gold pieces.
You spent 750 gold pieces at shops.

Inventory:

Hand Weapons
 a - the +6 flail of Anxiety {flame, *Slow rPois Int+4}
   (Okawaru gifted it to you on level 14 of the Dungeon)

   It burns those it strikes, dealing additional fire damage.
   Int:       It affects your intelligence (+4).
   rPois:     It protects you from poison.
   *Slow:     It may slow you when you take damage.
 b - the +12 mace "Aubergine" (weapon) {freeze, Fly rC+}
   (You found it on level 9 of the Dungeon)

   It freezes those it strikes, dealing additional cold damage.
   It can also slow down cold-blooded creatures.
   rC:        It protects you from cold.
   Fly:       It grants you flight.
Missiles
 j - 6 javelins
 u - 2 datura-tipped darts
 y - 68 poisoned darts
 J - 2 atropa-tipped darts
Armour
 e - a scarf of resistance (worn)
 h - a +10 plate armour of ponderousness (worn)
 A - a +2 pair of boots of rampaging (worn)
 G - the +1 cloak of Leapfrog {rC+ rCorr Dex+4 SInv}
   (Okawaru gifted it to you on level 1 of the Lair of Beasts)

   Dex:       It affects your dexterity (+4).
   rC:        It protects you from cold.
   SInv:      It lets you see invisible.
   rCorr:     It protects you from acid and corrosion.
 L - the +2 hood of the Assassin (worn) {Detection Stab+ Stlth++}
   (Okawaru gifted it to you on level 5 of the Lair of Beasts)

   It allows the wearer to sense nearby creatures.
   It allows the wearer to make particularly effective stabbing attacks against
   helpless or unaware enemies with any weapon.
   Stlth:     It makes you much more stealthy.
 P - the +0 plate armour "Sotaatiad" {rC- Will+++ Regen+ Str-2}
   (Okawaru gifted it to you on level 12 of the Dungeon)

   Str:       It affects your strength (-2).
   rC:        It makes you vulnerable to cold.
   Regen:     It increases your rate of health regeneration.
   Will:      It greatly increases your willpower.
 U - a +2 buckler (worn)
Jewellery
 k - the ring of the Tortoise (right hand) {AC+8}
   (You found it on level 5 of the Lair of Beasts)

   [ring of protection]

   AC:        It affects your AC (+8).
 m - a +4 ring of evasion
 q - a ring of resist corrosion (left hand)
 t - an amulet of the acrobat (around neck)
 x - a ring of positive energy
 H - a +4 ring of evasion
 N - a ring of positive energy
 O - a ring of protection from cold
 R - a ring of see invisible
Wands
 s - a wand of digging (12)
 B - a wand of polymorph (25)
 K - a wand of paralysis (5)
 Q - a wand of acid (11)
 S - a wand of iceblast (6)
Scrolls
 c - 3 scrolls of fear
 d - 13 scrolls of identify
 f - 6 scrolls of teleportation
 l - 5 scrolls of enchant weapon
 r - 4 scrolls of magic mapping
 I - 3 scrolls of amnesia
 T - a scroll of vulnerability
 V - 2 scrolls of enchant armour
 W - a scroll of silence
Potions
 g - 8 potions of brilliance
 i - 4 potions of cancellation
 n - 11 potions of curing
 o - 4 potions of haste
 p - 5 potions of lignification
 v - 4 potions of attraction
 w - 3 potions of mutation
 z - a potion of resistance
 D - 2 potions of flight
 E - a potion of might
 M - 4 potions of ambrosia
Miscellaneous
 C - a box of beasts
 F - a phantom mirror


   Skills:
 + Level 20.7(25.7) Fighting
 - Level 12.1(20.7) Axes
 + Level 14.2(20.4) Maces & Flails
 + Level 15.3(20.3) Armour
 - Level 4.0(9.0) Shields
 - Level 10.0 Invocations
 - Level 10.0 Evocations


You had 16 spell levels left.
You didn't know any spells.
Your spell library contained the following spells:

 Spells                   Type           Power      Damage    Failure   Level
 Foxfire                  Conj/Fire      0%         2x1d4     91%         1
 Freeze                   Ice            0%         1d3       91%         1
 Magic Dart               Conj           0%         1d3       91%         1
 Pain                     Necr           0%         1d4       91%         1
 Passwall                 Tmut/Erth      0%         N/A       97%         2
 Searing Ray              Conj           0%         3d3       97%         2
 Conjure Flame            Conj/Fire      0%         6-21      99%         3
 Dazzling Flash           Conj/Hex       0%         N/A       99%         3
 Frozen Ramparts          Ice            0%         1d2       99%         3
 Gell's Gravitas          Tloc           0%         N/A       99%         3
 Ignite Poison            Fire/Tmut/Pois 0%         N/A       99%         3
 Inner Flame              Hex/Fire       0%         N/A       99%         3
 Lesser Beckoning         Tloc           0%         N/A       99%         3
 Mephitic Cloud           Conj/Pois/Air  0%         N/A       99%         3
 Stone Arrow              Conj/Erth      0%         3d7       99%         3
 Swiftness                Air            0%         N/A       99%         3
 Teleport Other           Tloc           0%         N/A       99%         3
 Vampiric Draining        Necr           0%         2d6       99%         3
 Flame Wave               Conj/Fire      0%         3d3       100%        4
 Fulminant Prism          Conj/Hex       0%         3d6       100%        4
 Hailstorm                Conj/Ice       0%         3d3       100%        4
 Ice Form                 Ice/Tmut       0%         N/A       100%        4
 Iskenderun's Mystic Bla  Conj/Tloc      0%         2d3       100%        4
 Sticky Flame             Conj/Fire      0%         2d3       100%        4
 Blade Hands              Tmut           0%         N/A       100%        5
 Fireball                 Conj/Fire      0%         3d3       100%        5
 Dispersal                Tloc           0%         N/A       100%        6
 Invisibility             Hex            0%         N/A       100%        6
 Iron Shot                Conj/Erth      0%         9d1       100%        6
 Starburst                Conj/Fire      0%         6d3       100%        6
 Orb of Destruction       Conj           0%         N/A       100%        7
 Ignition                 Fire           0%         3d3       100%        8
 Call Imp                 Summ           Unusable   N/A       N/A         2
 Summon Guardian Golem    Hex/Summ       Unusable   N/A       N/A         3
 Animate Armour           Summ/Erth      Unusable   N/A       N/A         4
 Summon Ice Beast         Ice/Summ       Unusable   N/A       N/A         4
 Spellforged Servitor     Conj/Summ      Unusable   N/A       N/A         7

Dungeon Overview and Level Annotations

Branches:
Dungeon (15/15)            Temple (1/1) D:6            Lair (6/6) D:11
  Swamp (4/4) Lair:2        Snake (0/4) Lair:3        Slime (0/5) Lair:6
    Orc (2/2) D:10            Elf (0/3) Orc:2        Vaults (0/5) D:14
 Depths (0/5) D:15

Altars:
Ashenzari
Cheibriados
Dithmenos
Elyvilon
Fedhas
Gozag
Hepliaklqana
Kikubaaqudgha
Makhleb
Okawaru
Qazlal
Ru
Sif Muna
Trog
Uskayaw
Vehumet
Wu Jian
Jiyva

Shops:
D:6 **   D:12 :   D:14 *   Orc:2 ?*!*

Portals:
Hell: Lair:6


Message History

You block the fenstrider witch's attack.
The fenstrider witch kicks you but does no damage.
You thump the bunyip! You freeze the bunyip.
The bunyip is almost dead.
You feel sick.
The fenstrider witch hits you but does no damage.
The fenstrider witch kicks you. The bunyip claws you. The bunyip claws you!!
The bunyip claws you!
* * * LOW HITPOINT WARNING * * *
You feel very sick.
The fenstrider witch gestures at you while chanting.
Your body is wracked with pain!
* * * LOW HITPOINT WARNING * * *
You fly upwards.
You feel sick.
There is a stone staircase leading down here.
Okay, then.
You gain the combat prowess of a mighty hero.
You feel sick.
The fenstrider witch hits you but does no damage.
The fenstrider witch kicks you.
* * * LOW HITPOINT WARNING * * *
The fenstrider witch gestures at you while chanting.
You barely resist. You hit the fenstrider witch.
You freeze the fenstrider witch.
The fenstrider witch is lightly wounded.
You feel sick.
You block the fenstrider witch's attack.
The fenstrider witch kicks you but does no damage.
You miss the fenstrider witch.
The fenstrider witch is lightly wounded.
The fenstrider witch gestures at you while chanting.
You suddenly lose the ability to move!
You feel sick. The fenstrider witch hits you!
* * * LOW HITPOINT WARNING * * *
The fenstrider witch barely misses you.
* * * LOW HITPOINT WARNING * * *
You feel sick.
The fenstrider witch hits you but does no damage.
The fenstrider witch kicks you but does no damage.
You die...

♣.≈≈≈≈...≈≈≈≈≈≈≈≈≈§.
♣.≈≈≈...≈≈...≈.≈≈...
♣≈≈§≈≈♣.≈≈≈...≈≈≈..≈
♣.≈≈.♣♣♣♣≈...≈≈≈..≈≈
♣≈≈≈.♣♣♣♣....≈≈≈≈≈≈≈
♣♣♣.........≈≈≈≈....
♣≈≈≈≈≈.≈♣♣≈≈≈.♣♣...
♣.≈≈§≈..♣≈.≈≈≈.♣♣♣♣
♣H@†.[≈≈.....≈≈..♣♣
♣♣♣♣♣≈.≈≈≈≈.......♣
♣♣♣ ♣♣.≈≈≈§≈≈♣♣..♣♣
♣♣.♣♣♣ ♣♣♣
♣♣.≈≈.≈♣♣♣♣♣♣
♣...≈♣♣♣≈♣♣ ♣≈...♣♣
♣♣......≈.♣ ♣≈≈≈≈♣
♣♣...≈...≈♣♣♣ ♣..≈≈♣
♣♣♣♣♣ ♣..≈......≈.♣♣
♣♣...♣♣♣♣≈≈≈≈
♣♣......≈≈..≈♣
♣≈≈♣♣♣§♣≈≈≈≈


You could see a fenstrider witch.

Vanquished Creatures
  Jorgrun (Orc:1)
  A tentacled monstrosity (Swamp:1)
  Mlioglotl (Arena)
  Kirke (D:12)
  A thorn hunter (Swamp:1)
  A fenstrider witch (Swamp:3)
  5 ghouls (Swamp:3)
  2 bunyips
  2 dire elephants (Swamp:2)
  Azrael (D:12)
  6 eleionomae
  Josephine (Lair:4)
  Erolcha (D:9)
  3 boulder beetles
  17 hydras
  3 ice dragons
  An ogre mage (D:15)
  A death knight (D:13)
  9 centaur warriors
  2 tengu warriors
  3 catoblepae
  8 two-headed ogres
  8 alligators
  4 orc high priests
  Urug (D:13)
  Nergalle (D:10)
  A deep elf knight (Swamp:2)
  Sonja (D:12)
  A sun demon (Lair:6)
  4 skeletal warriors
  An iron troll (D:14)
  4 spriggan druids
  A goliath frog (Swamp:3)
  3 wizards
  5 swamp dragons
  3 bog bodies
  Pikel (D:8)
  A deep elf archer (Swamp:2)
  A lindwurm (Lair:3)
  An orc knight (D:10)
  5 cyclopes
  2 will-o-the-wisps (Swamp:3)
  An oklob plant (D:8)
  6 ugly things
  4 manticores
  4 orc sorcerers
  6 slime creatures
  5 black mambas
  5 elephants (Lair:5)
  An elephant (shapeshifter) (D:13)
  2 gargoyles
  An orange demon (Lair:6)
  Maurice (D:11)
  A cane toad (shapeshifter) (D:15)
  Maggie (D:8)
  5 rime drakes
  10 cane toads
  5 ice devils
  An efreet (D:13)
  A red devil (Lair:6)
  15 komodo dragons
  A freezing wraith (D:13)
  A hellwing (Lair:6)
  6 trolls
  A tengu conjurer (D:14)
  A polar bear (Lair:6)
  4 hornets
  3 tyrant leeches
  Grinder (D:3)
  Prince Ribbit (D:6)
  4 blink frogs (Lair:2)
  5 dream sheep (Lair:4)
  Sigmund (D:5)
  9 spriggans
  3 vampires
  4 hogs
  10 wyverns
  4 shadows
  54 yaks
  A fire elemental (D:12)
  4 wraiths
  Grum (D:10)
  3 steam dragons
  5 basilisks
  23 vampire mosquitoes
  Edmund (D:6)
  5 wargs
  Duvessa (D:5)
  14 swamp worms
  19 water moccasins
  A naga (Lair:3)
  8 hell hounds
  2 swamp drakes
  20 orc warriors
  A black bear (D:7)
  A sky beast (D:8)
  2 necrophages
  7 ogres
  5 ice beasts
  13 wolves
  15 centaurs
  A lemure (D:8)
  A phantom (D:7)
  2 kobold brigands
  9 bullfrogs
  4 gnoll sergeants
  Dowan (D:5)
  A water moccasin skeleton (D:4)
  3 killer bees (D:10)
  4 howler monkeys
  4 electric eels
  8 centaur zombies
  A bullfrog zombie (D:6)
  2 hounds
  11 jellies
  A centaur skeleton (D:6)
  28 orc priests
  A gnoll shaman (D:6)
  8 iguanas
  Ijyb (D:5)
  Natasha (thrice) (D:4)
  27 orc wizards
  A killer bee zombie (D:9)
  A howler monkey zombie (D:11)
  23 gnolls
  2 howler monkey skeletons (D:6)
  9 adders
  A shadow imp (D:8)
  A white imp (D:7)
  An adder skeleton (D:4)
  A dart slug (D:2)
  65 orcs
  A bat (D:3)
  15 endoplasms
  3 giant cockroaches
  8 goblins
  5 hobgoblins
  2 quokkas
  2 ball pythons
  18 frilled lizards
  10 kobolds
  5 rats
  2 briar patches (Swamp:1)
757 creatures vanquished.

Vanquished Creatures (others)
  An orc wizard (Orc:2)
  A frilled lizard (Lair:5)
  8 foxfires (Swamp:3)
  27 fungi
  37 plants
74 creatures vanquished.

Grand Total: 831 creatures vanquished

Notes
Turn   | Place    | Note
-------+----------+-------------------------------------------
     0 | D:1      | speeev33 the Hill Orc Fighter began the quest for the Orb.
     0 | D:1      | Reached XP level 1. HP: 19/19 MP: 1/1
   208 | D:1      | Reached XP level 2. HP: 27/27 MP: 2/2
   240 | D:1      | Found a faded altar of an unknown god.
   916 | D:2      | Reached skill level 4 in Fighting
   916 | D:2      | Reached XP level 3. HP: 10/33 MP: 3/3
  1316 | D:2      | Found a shimmering blue altar of Sif Muna.
  1409 | D:2      | Reached XP level 4. HP: 36/40 MP: 4/4
  2232 | D:3      | Noticed Grinder
  2401 | D:3      | Reached XP level 5. HP: 42/47 MP: 5/5
  2509 | D:3      | Paralysed by Grinder for 7 turns
  2518 | D:3      | Killed Grinder
  2519 | D:3      | Reached skill level 5 in Fighting
  2519 | D:3      | Reached skill level 5 in Axes
  2519 | D:3      | Reached skill level 5 in Armour
  2519 | D:3      | Reached XP level 6. HP: 29/56 MP: 6/6
  3063 | D:4      | Noticed Natasha
  3074 | D:4      | Killed Natasha
  3566 | D:4      | Reached XP level 7. HP: 61/62 MP: 7/7
  3584 | D:4      | Found a hide-covered altar of Uskayaw.
  3627 | D:4      | Noticed Natasha
  3634 | D:4      | Killed Natasha
  3635 | D:4      | Reached skill level 6 in Fighting
  3650 | D:4      | Noticed Natasha
  3656 | D:4      | Killed Natasha
  4471 | D:5      | Entered Level 5 of the Dungeon
  4538 | D:5      | Noticed Dowan
  4539 | D:5      | Noticed Duvessa
  4557 | D:5      | Killed Duvessa
  4564 | D:5      | Killed Dowan
  4566 | D:5      | HP: 3/62 [necrophage (1)]
  4582 | D:4      | HP: 1/62 [necrophage (6)]
  4694 | D:4      | Reached XP level 8. HP: 7/69 MP: 8/8
  5040 | D:5      | Noticed Ijyb
  5050 | D:5      | Reached skill level 7 in Fighting
  5054 | D:5      | Killed Ijyb
  5162 | D:5      | Identified the +1 robe of Sahac {Archmagi}
  5629 | D:5      | Noticed Sigmund
  5632 | D:5      | Killed Sigmund
  6050 | D:6      | Noticed Prince Ribbit
  6256 | D:6      | Noticed Edmund
  6258 | D:6      | Found Opinwirch's Elemental Accessories.
  6279 | D:6      | Killed Edmund
  6280 | D:6      | Reached skill level 8 in Fighting
  6628 | D:6      | Found a staircase to the Ecumenical Temple.
  6650 | D:6      | Reached XP level 9. HP: 70/82 MP: 9/9
  6653 | Temple   | Entered the Ecumenical Temple
  6760 | Temple   | Became a worshipper of Warmaster Okawaru
  6854 | D:6      | Noticed a troll
  6908 | D:6      | Found Rihuhut's Assorted Antiques.
  7753 | D:6      | Reached skill level 9 in Fighting
  7867 | D:6      | Killed Prince Ribbit
  7867 | D:6      | Reached * piety under Okawaru
  8086 | D:6      | Bought a slimy war axe for 178 gold pieces
  8086 | D:6      | Identified the +1 war axe "Wiyw" {freeze, rF- rC+ Will-
                  | Dex+10} (You bought it in a shop on level 6 of the Dungeon)
  8095 | D:6      | Killed a troll
  8175 | D:6      | Reached skill level 10 in Axes
  8769 | D:7      | Reached skill level 10 in Fighting
  8819 | D:7      | Reached ** piety under Okawaru
  8832 | D:7      | Reached XP level 10. HP: 40/93 MP: 10/10
  9224 | D:7      | Found a broken altar of Ashenzari.
  9577 | D:7      | Found a bloodstained altar of Trog.
  9972 | D:7      | Found an opulent altar of Gozag.
 10517 | D:8      | Noticed Maggie
 10542 | D:8      | Killed Maggie
 10763 | D:8      | Found a shadowy altar of Dithmenos.
 10782 | D:8      | Identified the +1 chain mail of Lilacs {Str+6 Dex-4}
 10788 | D:8      | Reached *** piety under Okawaru
 10864 | D:8      | Reached skill level 10 in Armour
 11268 | D:8      | Reached skill level 11 in Fighting
 11426 | D:8      | Noticed Pikel
 11435 | D:8      | Killed Pikel
 11778 | D:8      | Noticed an oklob plant
 11817 | D:8      | Killed an oklob plant
 11817 | D:8      | Reached **** piety under Okawaru
 12039 | D:9      | Identified the +12 mace "Aubergine" {freeze, Fly rC+}
 12132 | D:9      | Reached XP level 11. HP: 92/103 MP: 11/11
 12144 | D:9      | Reached skill level 1 in Maces & Flails
 12421 | D:9      | You are sucked into a shaft and drop 3 floors!
 12423 | D:12     | Noticed Kirke
 12451 | D:13     | Noticed a centaur warrior
 12491 | D:12     | Reached skill level 12 in Fighting
 12680 | D:12     | Noticed Sonja
 12681 | D:12     | Noticed a cyclops
 12752 | D:12     | Noticed a green ugly thing
 12752 | D:12     | Noticed a red ugly thing
 12754 | D:12     | Noticed a cyclops
 12756 | D:12     | Found Faylew's Book Shop.
 12917 | D:11     | Noticed Maurice
 12943 | D:10     | Entered Level 10 of the Dungeon
 12943 | D:10     | Noticed Grum
 12943 | D:10     | Noticed a two-headed ogre
 13378 | D:9      | Found a shimmering blue altar of Sif Muna.
 13608 | D:9      | Noticed a two-headed ogre
 13613 | D:9      | Killed a two-headed ogre
 14293 | D:9      | Noticed Erolcha
 14303 | D:9      | Killed Erolcha
 14867 | D:10     | Reached skill level 5 in Maces & Flails
 14870 | D:10     | Reached ***** piety under Okawaru
 15098 | D:10     | Noticed Nergalle
 15109 | D:10     | Killed Nergalle
 15115 | D:10     | Received a gift from Okawaru
 15146 | D:10     | Reached skill level 13 in Fighting
 15175 | D:10     | Reached XP level 12. HP: 52/115 MP: 10/12
 15178 | D:10     | Killed Grum
 15539 | D:10     | Killed a two-headed ogre
 16118 | D:10     | Found a staircase to the Orcish Mines.
 16217 | D:11     | Noticed a boulder beetle
 16411 | D:11     | Killed a boulder beetle
 16946 | D:10     | Received a gift from Okawaru
 17119 | D:11     | Found a staircase to the Lair.
 17316 | D:11     | Reached skill level 14 in Fighting
 17373 | D:11     | Noticed a two-headed ogre
 17387 | D:11     | Killed a two-headed ogre
 17555 | D:11     | Got the Compendium of Dusty Darkness
 17990 | D:11     | Killed Maurice
 18031 | Lair:1   | Entered Level 1 of the Lair of Beasts
 18097 | Lair:1   | Reached skill level 1 in Invocations
 18111 | Lair:1   | Reached skill level 1 in Evocations
 18219 | Lair:1   | Reached ****** piety under Okawaru
 18715 | Lair:1   | Identified the +1 cloak of Leapfrog {rC+ rCorr Dex+4 SInv}
                  | (Okawaru gifted it to you on level 1 of the Lair of Beasts)
 18715 | Lair:1   | Received a gift from Okawaru
 18844 | Lair:1   | Reached XP level 13. HP: 99/125 MP: 14/14
 19008 | Lair:2   | Found a staircase to the Swamp.
 20440 | Lair:3   | Reached skill level 5 in Invocations
 20704 | Lair:3   | Reached skill level 15 in Fighting
 20779 | Lair:3   | Found a staircase to the Snake Pit.
 21724 | Lair:4   | Reached skill level 10 in Maces & Flails
 21787 | Lair:4   | Noticed Josephine
 21806 | Lair:4   | Killed Josephine
 21812 | Lair:4   | Reached skill level 5 in Evocations
 22539 | Lair:5   | Received a gift from Okawaru
 22539 | Lair:5   | Found the +2 hood of the Assassin {Detection Stab+ Stlth++}
 22980 | Lair:5   | You are sucked into a shaft and drop 1 floor!
 22980 | Lair:6   | Entered Level 6 of the Lair of Beasts
 22989 | Lair:5   | Found the ring of the Tortoise {AC+8}
 23071 | Lair:5   | Reached XP level 14. HP: 84/135 MP: 19/19
 24267 | Lair:6   | Found a viscous altar of Jiyva.
 24268 | Lair:6   | Found a staircase to the Slime Pits.
 24709 | Lair:6   | Reached skill level 16 in Fighting
 24996 | Lair:6   | Received a gift from Okawaru
 25005 | Lair:6   | Found a burning altar of Makhleb.
 25082 | Lair:6   | Found a gateway to Hell.
 25322 | Lair:6   | Identified the +6 steam dragon scales of Snakes and Ladders
                  | {rPois Str+4}
 26560 | Orc:1    | Entered Level 1 of the Orcish Mines
 27006 | Orc:1    | Received a gift from Okawaru
 27165 | Orc:1    | Reached skill level 10 in Invocations
 27302 | Orc:1    | Noticed Jorgrun
 27326 | Orc:1    | Killed Jorgrun
 27627 | Orc:2    | Entered Level 2 of the Orcish Mines
 27893 | Orc:1    | Reached XP level 15. HP: 84/145 MP: 22/22
 29103 | Orc:2    | Found Hihicron's General Store.
 29103 | Orc:2    | Found Niffonaa's General Store.
 29103 | Orc:2    | Found Jouvest's Distillery.
 29105 | Orc:2    | Found Ifrugh's Magic Scroll Shoppe.
 29164 | Orc:2    | Bought a scroll of acquirement for 572 gold pieces
 29164 | Orc:2    | Acquired 968 gold pieces
 29236 | Orc:2    | Found a staircase to the Elven Halls.
 30283 | D:12     | Killed Sonja
 30387 | D:12     | Reached skill level 17 in Fighting
 30675 | D:12     | Killed Kirke
 30752 | D:12     | Noticed Azrael
 30783 | D:12     | Killed Azrael
 30783 | D:12     | Identified the +0 plate armour "Sotaatiad" {rC- Will+++
                  | Regen+ Str-2} (Okawaru gifted it to you on level 12 of the
                  | Dungeon)
 30783 | D:12     | Received a gift from Okawaru
 32226 | D:13     | Reached skill level 10 in Evocations
 32407 | D:13     | Found a shimmering blue altar of Sif Muna.
 32614 | D:13     | Noticed Urug
 32630 | D:13     | Killed Urug
 32927 | D:14     | Reached skill level 18 in Fighting
 34167 | D:14     | Reached XP level 16. HP: 135/159 MP: 23/23
 34353 | D:14     | Identified the +6 flail of Anxiety {flame, *Slow rPois
                  | Int+4} (Okawaru gifted it to you on level 14 of the
                  | Dungeon)
 34353 | D:14     | Received a gift from Okawaru
 34354 | D:14     | Reached skill level 19 in Fighting
 34367 | D:14     | Found Qeng's Assorted Antiques.
 34441 | D:14     | Found an ancient bone altar of Kikubaaqudgha.
 34755 | D:14     | Found a gate to the Vaults.
 34932 | D:15     | Entered Level 15 of the Dungeon
 35264 | D:15     | Found a staircase to the Depths.
 36128 | Swamp:1  | Entered Level 1 of the Swamp
 36224 | Swamp:1  | Noticed a tentacled monstrosity
 36242 | Swamp:1  | Killed a tentacled monstrosity
 36659 | Swamp:1  | Received a gift from Okawaru
 36898 | Swamp:1  | Identified the +6 rapier of the Peculiar Beds {elec, +Blink
                  | rPois Str+7 Dex-2}
 36940 | Swamp:1  | Noticed a thorn hunter
 36974 | Swamp:1  | Killed a thorn hunter
 38458 | Swamp:2  | Reached skill level 20 in Fighting
 38910 | Swamp:2  | HP: 7/162 [dire elephant[a spriggan druid] (21)]
 38910 | Swamp:2  | HP: 2/162 [dire elephant[a spriggan druid] (5)]
 39820 | Swamp:3  | Noticed Mlioglotl
 39826 | Arena    | Entered the Arena
 39839 | Arena    | Killed Mlioglotl
 40015 | Swamp:3  | Reached XP level 17. HP: 145/170 MP: 24/24
 40668 | Swamp:3  | Identified the +10 war axe of Wrath {drain, *Slow rN+
                  | Stlth+}
 40744 | Swamp:3  | Reached skill level 15 in Armour
 41029 | Swamp:3  | Received a gift from Okawaru
 41630 | Swamp:4  | Entered Level 4 of the Swamp
 42005 | Swamp:3  | Paralysed by a fenstrider witch for 4 turns
 42006 | Swamp:3  | HP: 1/172 [fenstrider witch (14)]
 42008 | Swamp:3  | Succumbed to a fenstrider witch's toxic sludge

Illustrated notes

Levels and vault maps discovered:
D:1:      dpeg_arrival_connections, layout_loops_corners,
          hellmonk_ecumenical_altar_pennies_from_heaven
D:2:      layout_basic, basic_altar
D:3:      layout_basic, hangedman_decor_peaks_small, uniq_grinder
D:4:      layout_layer_cave, nicolae_uskayaw_murder_on_the_dancefloor,
          uniq_natasha
D:5:      layout_basic, uniq_sigmund, uniq_duvessa, uniq_ijyb
D:6:      minmay_clustersquares, layout_basic, minmay_temple_entry_grid,
          serial_shops, nicolae_square_shop, small_statue_intersection,
          nicolae_elemental_shop, uniq_edmund, uniq_prince_ribbit1
D:7:      layout_basic, mainiacjoe_overflow_surrounded_room,
          lemuel_crystal_altar, nicolae_overflow_hidden_temple
D:8:      lemuel_slime, layout_cave_pods, old_standard_altar, uniq_maggie,
          uniq_pikel
D:9:      layout_irregular_city, lemuel_round_altar, serial_co_window_serial,
          co_window_corner_a, co_window_of_opportunity_a, co_window_corner_a,
          co_window_paths_b, co_window_paths_b, co_window_of_opportunity_a,
          co_window_corner_a, co_window_corner_a, co_window_paths_b,
          co_window_corner_b, co_window_broadway_c, co_window_unsneaky_path_a,
          co_window_broadway_c, co_window_4corner_b, co_window_paths_e,
          uniq_erolcha
D:10:     layout_basic, orc_0_dummy, glass_columns_c, uniq_nergalle, uniq_grum
D:11:     layout_gridville, minmay_lair_entry_grove, uniq_maurice
D:12:     layout_cave_pods, portal_ice_cave_demonic_guard,
          minmay_curled_crystal, nicolae_stop_n_shop_1, abandoned_shop,
          kennysheep_cross_bottleneck, uniq_azrael, uniq_kirke, uniq_sonja
D:13:     layout_roguey, enter_bailey_5, kennysheep_orc_sif_temple, uniq_urug
D:14:     layout_rooms, david_vaults_4, kiku_gazebo_pond_becter, serial_shops,
          kennysheep_mini, serial_aquarium, aquarium_bridge_straight
          [aquarium_subvault_bridge, aquarium_subvault_wall,
          aquarium_subvault_bridge, aquarium_subvault_wall],
          aquarium_bridge_square [aquarium_subvault_bridge,
          aquarium_subvault_wall, aquarium_subvault_window,
          aquarium_subvault_bridge], aquarium_window_1, aquarium_window_1,
          aquarium_window_fake, aquarium_window_fake, aquarium_view_2c,
          aquarium_view_4, aquarium_pool_corner, chequers_avenue
D:15:     grunt_enter_depths_hoard, layout_basic, serial_park_central
          [serial_park_minivault_5x5_1, serial_park_minivault_5x5_1]
Temple:   eino_temple_scatter_basement
Lair:1:   layout_cave_pods, grunt_forest_small_clearings, serial_bayou_shore_b
Lair:2:   layout_regular_city, skrybe_swamp_entry_bodies, serial_bayou_lagoon_a,
          grunt_megastairs_4
Lair:3:   layout_gridlike, guppyfry_snake_entry_island,
          grunt_forest_small_clearing_treed, lemuel_fruit_tree
Lair:4:   layout_regular_city, grunt_megastairs_3, uniq_josephine
Lair:5:   lemuel_reptile_caves, layout_regular_city,
          chequers_serial_rivers_micro_b, lemuel_fruit_fields
Lair:6:   evil_forest, layout_hall_layers, slime_altar_1
Swamp:1:  layout_basic_swamp, hangedman_swamp_ruin_hall,
          nicolae_swamp_very_dense_foliage
Swamp:2:  layout_falls_marsh, nicolae_swamp_big_swirl, swamp_pool1,
          beargit_elvish_explorers
Swamp:3:  layout_basic_swamp, hangedman_swamp_ruin_wall, swamp_pool1,
          uniq_mlioglotl
Swamp:4:  swamp, layout_basic_swamp
Orc:1:    layout_caves, nicolae_orc_pool_cavern, uniq_jorgrun
Orc:2:    st_orc_mages, layout_caves

Skill      XL: |  1  2  3  4  5  6  7  8  9 10 11 12 13 14 15 16 17 |
---------------+----------------------------------------------------+-----
Axes           | 3 4 5 6 8 10 12 | 12.1
Fighting       | 4 5 6 8 10 11 13 14 15 16 18 20 | 20.7
Shields        | 4 |  4.0
Armour         | 4 5 6 7 9 10 12 13 14 15 | 15.3
Maces & Flails | 6 8 10 12 13 14 | 14.2
Invocations    | 2 7 10 | 10.0
Evocations     | 1 5 8 10 | 10.0

Action                   |  1- 3 |  4- 6 |  7- 9 | 10-12 | 13-15 | 16-18 || total
-------------------------+-------+-------+-------+-------+-------+-------++-------
Melee: War axe           |    56 |   116 |   309 |   219 |       |       ||   700
       Mace              |       |       |       |   399 |  1235 |   540 ||  2174
       Unarmed           |       |       |       |     8 |       |       ||     8
       Flail             |       |       |       |       |       |   242 ||   242
Invok: Heroism           |       |       |       |     9 |    14 |    10 ||    33
       Finesse           |       |       |       |       |     3 |     3 ||     6
       Duel              |       |       |       |       |       |     1 ||     1
Evoke: Wand              |       |       |     6 |       |     1 |       ||     7
  Use: Scroll            |     5 |     3 |     4 |    12 |     8 |     6 ||    38
       Potion            |       |       |     1 |     1 |     1 |     4 ||     7
 Stab: Sleeping          |       |       |       |       |     2 |       ||     2
       Paralysed         |       |       |       |       |     1 |       ||     1
Armor: Scale mail        |    30 |    33 |       |       |       |       ||    63
       Chain mail        |       |    31 |   138 |   343 |   264 |       ||   776
       Steam dragon scal |       |       |       |       |    72 |       ||    72
       Plate armour      |       |       |       |       |   505 |   651 ||  1156
Dodge: Dodged            |    20 |    54 |   168 |   406 |   724 |   365 ||  1737
Block: Buckler           |    11 |    33 |    73 |   164 |   413 |   265 ||   959

Table legend: (Time is in decaauts)
 A = Elapsed time spent in this place.
 B = Non-inter-level travel time spent in this place.
 C = Inter-level travel time spent in this place.
 D = Time resting spent in this place.
 E = Time spent auto-exploring this place.
 F = Levels seen in this place.
 G = Mean time per level.
                   A        B        C        D        E       F      G
               +--------+--------+--------+--------+--------+-----+--------+
         Total |  42046 |  40853 |   1193 |  16016 |  15561 |  29 | 1449.9 |
       Dungeon |  24846 |  24147 |    699 |   8932 |  10252 |  15 | 1656.4 |
        Temple |    124 |    110 |     14 |      0 |     92 |   1 |  124.0 |
          Lair |   8518 |   8261 |    257 |   2806 |   3376 |   6 | 1419.7 |
         Swamp |   5756 |   5615 |    141 |   2914 |   1220 |   4 | 1439.0 |
  Orcish Mines |   2758 |   2676 |     82 |   1329 |    620 |   2 | 1379.0 |
         Arena |     41 |     41 |      0 |     34 |      0 |   1 |   41.0 |
               +--------+--------+--------+--------+--------+-----+--------+

Top non-repeatable levels by time:
    D:10: 2615 daAuts
    D:13: 2569 daAuts
  Lair:6: 2485 daAuts
     D:6: 2379 daAuts
 Swamp:1: 2333 daAuts
     D:9: 2125 daAuts
     D:7: 1919 daAuts
 Swamp:3: 1894 daAuts
    D:11: 1852 daAuts
   Orc:1: 1851 daAuts
     D:4: 1836 daAuts
    D:12: 1687 daAuts
     D:8: 1652 daAuts
  Lair:2: 1551 daAuts
  Lair:5: 1425 daAuts
